 Dungeon Crawl Stone Soup version 0.20.0-15-g7f486f2 (webtiles) character file.

698 Pikken the Ruffian (level 7, 0/67 HPs)
             Began as a Troll Monk on June 18, 2017.
             Was a Believer of Makhleb.
             Slain by Edmund
             ... wielding a +3 dire flail of protection
              (4 damage)
             ... on level 4 of the Dungeon.
             The game lasted 00:12:13 (3297 turns).

Pikken the Ruffian (Troll Monk)                     Turns: 3297, Time: 00:12:13

Health: 0/67       AC:  8    Str: 20    XL:     7   Next: 38%
Magic:  6/6        EV: 11    Int:  6    God:    Makhleb [**....]
Gold:   219        SH:  0    Dex: 14    Spells: 6/6 levels left

rFire    + . .     SeeInvis .     - Unarmed
rCold    + . .     Gourm    +   (no shield)
rNeg     . . .     Faith    .   l - +2 robe {rC+}
rPois    .         Spirit   .   (helmet restricted)
rElec    .         Reflect  .   m - +0 cloak
rCorr    .         Harm     .   (gloves unavailable)
MR       .....                  (boots unavailable)
Stlth    ++........             (no amulet)
Regen    0.7/turn               f - ring of protection from fire
MPRegen  0.1/turn               (no ring)

@: no status effects
A: unfitting armour, claws 3, fast metabolism 3, gourmand, regeneration 1,
shaggy fur 1, tough skin 2
a: Minor Destruction, Renounce Religion


You were on level 4 of the Dungeon.
You worshipped Makhleb.
Makhleb was pleased with you.
You were full.

You visited 2 branches of the dungeon, and saw 5 of its levels.

You collected 219 gold pieces.

Inventory:

Armour
 l - a +2 robe of cold resistance (worn)
 m - a +0 cloak (worn)
Jewellery
 f - a ring of protection from fire (left claw)
Wands
 c - a wand of acid (9/15)
 i - a wand of digging (8/24)
Scrolls
 e - a scroll of remove curse
 h - 2 scrolls of amnesia
 j - 3 scrolls of teleportation
Potions
 a - 3 potions of agility
 g - 2 potions of curing
 k - a potion of haste
Comestibles
 b - 4 bread rations
 d - a royal jelly


   Skills:
 + Level 3.5 Fighting
 + Level 3.7 Dodging
 + Level 2.1 Stealth
 + Level 6.5 Unarmed Combat


You had 6 spell levels left.
You didn't know any spells.

Dungeon Overview and Level Annotations

Branches:
Dungeon (4/15)             Temple (1/1) D:4

Altars:
Ashenzari
Cheibriados
Dithmenos
Elyvilon
Fedhas
Gozag
Hepliaklqana
Kikubaaqudgha
Makhleb
Nemelex Xobeh
Okawaru
Qazlal
Ru
Sif Muna
Trog
Uskayaw
Vehumet
Xom
Yredelemnul
Zin
The Shining One

Annotations:
D:1 1 exclusion
D:4 Edmund


Innate Abilities, Weirdness & Mutations

You are too large for most types of armour.
You have claws for hands.
Your metabolism is lightning-fast.
You like to eat raw meat.
Your natural rate of healing is unusually fast.
You are covered in fur. (AC +1)
You have very tough skin. (AC +2)


Message History

Edmund is severely wounded.
Edmund hits you with a dire flail of protection!
* * * LOW HITPOINT WARNING * * *
You closely miss Edmund.
Edmund is severely wounded.
Edmund hits you with a dire flail of protection.
* * * LOW HITPOINT WARNING * * *
You scratch Edmund but do no damage.
Edmund is severely wounded.
You scratch Edmund but do no damage.
Edmund is severely wounded.
Edmund hits you with a dire flail of protection.
* * * LOW HITPOINT WARNING * * *
You scratch Edmund.
Edmund is almost dead.
Edmund barely misses you.
You closely miss Edmund.
Edmund is almost dead.
Edmund hits you with a dire flail of protection.
You die...

.# #.§§............ .#
#............... .#
#..........§...§ ##
#....§§......... #
#.§...........§. #
#...§...>....§.. # ####
#################..#
...########...####.........
................@@S......$.
##.########...####.........
#...## #.....#...##.......#
.###.# #################.##
.# #.## # .###..####♣♣♣♣♣
....#..#.#..♣.♣♣♣#####
.#####.......♣..♣#...# .#
#......♣♣♣♣.'...#


You could see Edmund and an adder.

Vanquished Creatures
  Sigmund (D:4)
  An ice beast (D:4)
  2 howler monkeys
  Crazy Yiuf (D:4)
  3 orc priests (D:3)
  3 orc wizards (D:3)
  Ijyb (D:4)
  A mummy (D:4)
  3 gnolls (D:2)
  3 adders
  3 oozes
  2 leopard geckos
  15 orcs (D:3)
  A ball python (D:4)
  4 bats
  3 giant cockroaches
  8 goblins
  5 hobgoblins
  5 quokkas
  5 frilled lizards
  8 kobolds
  2 orc zombies (D:4)
  3 rats
83 creatures vanquished.

Vanquished Creatures (others)
  An adder (D:4)
1 creature vanquished.

Grand Total: 84 creatures vanquished

Notes
Turn   | Place    | Note
-------+----------+-------------------------------------------
     0 | D:1      | Pikken the Troll Monk began the quest for the Orb.
     0 | D:1      | Reached XP level 1. HP: 22/22 MP: 0/0
   364 | D:1      | Reached XP level 2. HP: 29/29 MP: 1/1
   859 | D:2      | Reached XP level 3. HP: 25/36 MP: 2/2
  1151 | D:2      | Reached XP level 4. HP: 44/44 MP: 3/3
  1544 | D:3      | Reached skill level 4 in Unarmed Combat
  1643 | D:3      | Reached XP level 5. HP: 48/52 MP: 4/4
  2004 | D:3      | Reached XP level 6. HP: 61/61 MP: 5/5
  2146 | D:3      | Reached skill level 5 in Unarmed Combat
  2369 | D:4      | Noticed Ijyb
  2379 | D:4      | Killed Ijyb
  2482 | D:4      | Found a sand-covered staircase.
  2555 | D:4      | Noticed Sigmund
  2562 | D:4      | Killed Sigmund
  2562 | D:4      | Reached XP level 7. HP: 67/67 MP: 6/6
  2584 | D:4      | Reached skill level 6 in Unarmed Combat
  2743 | D:4      | Found a staircase to the Ecumenical Temple.
  2752 | Temple   | Entered the Ecumenical Temple
  2885 | Temple   | Became a worshipper of Makhleb the Destroyer
  2885 | Temple   | Reached * piety under Makhleb
  2885 | Temple   | Reached ** piety under Makhleb
  3208 | D:4      | Found a runed door.
  3212 | D:4      | Noticed Crazy Yiuf
  3220 | D:4      | Killed Crazy Yiuf
  3260 | D:4      | Noticed Edmund
  3295 | D:4      | HP: 3/67 [Edmund/dire flail of protection (6)]
  3297 | D:4      | Slain by Edmund

Skill      XL: |  1  2  3  4  5  6  7 |
---------------+----------------------+-----
Dodging        | 3 |  3.7
Unarmed Combat | 4 5 6 |  6.5
Fighting       | 3 |  3.5
Stealth        | 2 |  2.1

Action                   |  1- 3 |  4- 6 |  7- 9 || total
-------------------------+-------+-------+-------++-------
Melee: Unarmed           |    73 |   117 |    50 ||   240
       Punch             |       |     3 |     2 ||     5
  Use: Scroll            |     5 |     2 |     2 ||     9
       Potion            |     5 |     3 |       ||     8
 Stab: Sleeping          |     1 |     5 |     1 ||     7
  Eat: Chunk             |    14 |    14 |     4 ||    32
Armor: Robe              |    20 |    30 |    13 ||    63
Dodge: Dodged            |    43 |    42 |    14 ||    99
